Cogmind - Beta 11.1 @@@ ROGUE MODE // 2022.06.23 @ 16:53:25 Player: ktur Result: Destroyed by H-77 Assassin with Coil Gun Performance ------------- Evolutions (6) 3000 Regions Visited (27) 5400 Robots Destroyed (441) 2205 Value Destroyed (18028) 18028 Prototype IDs (41) 820 Alien Tech Used (0) 0 Bonus (10073) 10073 TOTAL SCORE: 39526 Bonus ------- Triggered High Security 500 High Alert Combat Kills 5173 Follower Combat Kills 3709 Network Hubs Disabled 200 Met Data Miner 300 Met Imprinter 300 Was Imprinted 300 Built Enhanced Grunts 300 Met R17 at Cetus 500 Friendly Fire -1209 Cogmind --------- Core Integrity 0/1150 Matter 154/300 Energy 96/100 System Corruption 19% Temperature Cool (0) Movement Core (50) Location -4/Armory Parts ------- > --- POWER (2) -------- (None) > --- PROPULSION (4) --- (None) > --- UTILITY (10) ----- Enhanced Optical Array Advanced Terrain Scan Processor Advanced Targeting Computer Experimental Targeting Computer Core Analyzer Advanced Hacking Suite > --- WEAPON (3) ------- (None) > --- INVENTORY (5) ---- Advanced Energy Well (500) Long-range Terrain Scanner Centrium Medium Armor Plating Graphene Brace Scatter Rocket Array Peak State ------------ > --- POWER ------------ Reinforced Fission Core Reinforced Quantum Reactor > --- PROPULSION ------- Heavy Treads Advanced Heavy Siege Treads > --- UTILITY ---------- Advanced Cooling System Huge Storage Unit Advanced Energy Well Active Sensor Suite Experimental Targeting Computer Core Analyzer Centrium Medium Armor Plating Experimental EM Disruption Field > --- WEAPON ----------- EMDS Enhanced Nova Cannon > --- INVENTORY -------- Quantum Reactor Centrium Heavy Treads Advanced Heavy Siege Treads Advanced Heavy Siege Treads Improved Cooling System Advanced Energy Well Advanced Energy Well Long-range Terrain Scanner Advanced Terrain Scan Processor Experimental Targeting Computer Improved Cloaking Device Centrium Medium Armor Plating Advanced Powered Armor Graphene Brace Advanced Hacking Suite Phase Gun Advanced Variable Charge Gun Scatter Rocket Array Scatter Rocket Array [Rating: 160] Favorites ----------- Power Reinforced Deuterium Engine Engine Reinforced Deuterium Engine Power Core Reinforced Fission Core Reactor Light Antimatter Reactor Propulsion Medium Treads Treads Medium Treads Leg Flexi-carbon Leg Utility Advanced Targeting Computer Device Advanced Heat Sink Storage Huge Storage Unit Processor Advanced Targeting Computer Hackware Hacking Suite Protection Hardened Heavy Armor Plating Weapon Enhanced Autogun Energy Gun Precision Beam Rifle Energy Cannon Enhanced Nova Cannon Ballistic Gun Enhanced Autogun Ballistic Cannon Heavy Mass Driver Launcher Scatter Rocket Array Impact Weapon Shock Maul Piercing Weapon Enhanced Force Lance Special Melee Weapon Advanced Datajack Build | -11 -10 -10 -9 -9 -9 -8 -8 -8 -7 -7 -7 -7 -6 -6 -6 -6 -6 -5 -5 -5 -5 -5 -5 -4 -4 -4 -4 ------- Run | Scr Mat Min Mat Min Exi Min Mat Sto Fac Low Low Dat Pro Fac Low Low Zio Pro Fac Ext Cet Arc Hub Fac Was Fac Arm Slots Evolved 12 | . . . 2 . . . 2 . 2 . . . . 2 . . . . 2 . . . . 2 . . . Power 1 | . . . . . . . . . . . . . . . . . . . 1 . . . . . . . . Propulsion 2 | . . . . . . . . . 1 . . . . 1 . . . . . . . . . . . . . Utility 8 | . . . 2 . . . 2 . . . . . . 1 . . . . 1 . . . . 2 . . . Weapon 1 | . . . . . . . . . 1 . . . . . . . . . . . . . . . . . . Parts Attached 362 | 6 13 5 27 . . 2 45 24 13 2 2 3 . 20 8 5 2 7 5 12 12 14 31 14 10 34 46 Power 34 | 1 1 1 4 . . . 7 . 1 . . . . 2 . . . 1 1 2 . 1 2 . . 5 5 Engine 22 | 1 1 1 4 . . . 7 . 1 . . . . 1 . . . 1 1 2 . 1 1 . . . . Core 3 | . . . . . . . . . . . . . . 1 . . . . . . . . 1 . . . 1 Reactor 9 | . . . . . . . . . . . . . . . . . . . . . . . . . . 5 4 Propulsion 80 | 2 7 . 7 . . 2 9 4 4 . 1 . . 3 2 3 . 2 . 4 2 . 6 3 5 3 11 Treads 72 | 2 7 . 7 . . 2 9 4 4 . 1 . . 3 2 3 . 2 . 4 2 . 6 3 5 3 3 Leg 8 | . . . . . . . . . . . . . . . . . . . . . . . . . . . 8 Wheel . | . . . . . . . . . . . . . . . . . . . . . . . . . . . . Hover . | . . . . . . . . . . . . . . . . . . . . . . . . . . . . Flight . | . . . . . . . . . . . . . . . . . . . . . . . . . . . . Utility 110 | 1 2 1 8 . . . 14 2 4 2 1 . . 9 4 . 2 3 1 4 2 7 11 4 2 9 17 Device 45 | . . 1 . . . . 3 1 1 . . . . 5 1 . 2 2 1 . 1 4 4 3 2 5 9 Storage 14 | 1 2 . 1 . . . 2 . 1 . . . . 1 1 . . 1 . 1 . 1 . . . 2 . Processor 16 | . . . 2 . . . 2 . 1 1 1 . . . 1 . . . . 2 . . 1 . . . 5 Hackware 5 | . . . 2 . . . 1 . . . . . . 1 . . . . . . . . . . . . 1 Protection 30 | . . . 3 . . . 6 1 1 1 . . . 2 1 . . . . 1 1 2 6 1 . 2 2 Artifact . | . . . . . . . . . . . . . . . . . . . . . . . . . . . . Weapon 138 | 2 3 3 8 . . . 15 18 4 . . 3 . 6 2 2 . 1 3 2 8 6 12 7 3 17 13 Energy Gun 28 | 1 1 2 1 . . . 6 . 1 . . . . . . . . . . . 1 . 7 2 2 3 1 Energy Cannon 22 | . . . . . . . 1 . . . . . . . . . . . . . . . 1 1 1 10 8 Ballistic Gun 59 | 1 2 1 6 . . . 5 12 3 . . 3 . 4 1 1 . 1 2 . 5 5 3 2 . 1 1 Ballistic Cannon 2 | . . . . . . . . 1 . . . . . . . . . . . 1 . . . . . . . Launcher 17 | . . . 1 . . . 3 1 . . . . . 1 1 1 . . . . 2 . 1 1 . 3 2 Special Weapon . | . . . . . . . . . . . . . . . . . . . . . . . . . . . . Impact Weapon 7 | . . . . . . . . 4 . . . . . 1 . . . . 1 1 . . . . . . . Slashing Weapon . | . . . . . . . . . . . . . . . . . . . . . . . . . . . . Piercing Weapon 1 | . . . . . . . . . . . . . . . . . . . . . . . . . . . 1 Special Melee Weapon 2 | . . . . . . . . . . . . . . . . . . . . . . 1 . 1 . . . Unidentified Prototypes 18 | . . . 1 . . . . 2 1 . . . . . . . 1 . . . 4 2 6 . . 1 . Corrupted Parts 6 | . . . . . . . . . . . . . . . . . . 1 . . 1 . 2 1 . . 1 System Corruption 33 | . . . . . . . . . . . . . . . . . . 7 . . 7 . 8 10 . . 1 Parts Lost 66 | . 2 1 4 . . . 6 1 . . 1 . . . 2 1 . 1 . 1 1 . 2 5 . 16 22 Power 13 | . 1 1 2 . . . 1 . . . . . . . . . . . . . . . 1 . . 2 5 Propulsion 15 | . 1 . 1 . . . . . . . . . . . . 1 . . . . 1 . . 1 . 3 7 Utility 25 | . . . 1 . . . 4 1 . . 1 . . . 2 . . . . . . . . 3 . 7 6 Weapon 13 | . . . . . . . 1 . . . . . . . . . . 1 . 1 . . 1 1 . 4 4 Highest Loss Streak 13 | . 1 1 1 . . . 3 1 . . 1 . . . 1 1 . 1 . 1 1 . 2 5 . 9 13 To Critical Strikes 3 | . . . . . . . . . . . . . . . . . . . . 1 1 . . 1 . . . Average Slot Usage (%) 89 | . 84 94 97 100 100 100 91 89 91 92 91 72 92 92 93 99 100 98 88 84 84 81 84 77 82 76 89 Engine 8 | . 13 11 10 11 11 11 8 9 7 7 7 7 7 5 6 6 6 6 11 11 11 11 9 5 5 2 . Treads 20 | . 27 28 21 22 22 22 18 17 23 23 23 23 23 26 26 25 26 25 23 22 21 17 16 14 14 12 4 Device 7 | . . 11 5 . . . 1 7 7 7 7 7 7 7 7 6 8 12 11 11 11 12 8 14 19 17 17 Storage 8 | . 14 14 11 11 11 11 9 9 7 7 7 7 7 6 11 13 13 12 5 5 5 5 5 5 5 7 6 Processor 11 | . . . 13 . . . 9 10 7 12 14 15 15 13 14 20 20 20 17 13 11 11 11 10 10 10 23 Hackware 4 | . . . 6 22 22 22 17 9 7 1 . . . 3 . . . . . . . . . . . . . Protection 5 | . . . 5 11 11 11 8 9 6 7 7 7 7 5 5 6 3 . . 2 5 3 11 7 5 5 3 Energy Gun 2 | . 3 18 3 . . . 7 . . . . . . . . . . . . . . . 5 9 5 2 . Ballistic Gun 14 | . 24 9 18 22 22 22 10 16 22 23 23 3 23 19 20 20 20 19 16 8 14 17 10 3 9 . . Naked Turns . | . . . . . . . . . . . . . . . . . . . . . . . . . . . . Heaviest Build 200 | 13 91 51 56 56 56 56 115 118 115 120 120 120 120 200 125 112 112 113 132 154 154 141 164 151 156 182 178 Greatest Support 160 | 40 40 40 40 40 40 40 43 43 68 68 76 76 76 112 116 118 118 118 100 117 137 137 137 134 140 160 160 Greatest Overweight (x) 48 | . 2 1 1 1 1 1 2 2 1 1 1 1 1 1 1 1 . 1 1 1 1 1 1 1 1 1 48 Average Overweight (x) 1 | . . 1 1 1 1 1 1 2 1 1 1 1 1 . . . . . 1 1 1 . 1 . 1 . 1 Largest Inventory Capacity 25 | 8 20 20 20 20 20 20 25 25 25 25 25 25 25 25 25 25 25 25 25 25 25 25 25 25 25 25 25 Average Capacity 23 | 6 19 20 20 20 20 20 24 25 25 25 25 25 25 25 25 25 25 25 25 25 25 25 25 25 25 25 24 Most Carried 25 | 6 20 20 20 20 20 20 25 25 25 24 24 24 25 25 25 25 25 25 25 25 25 25 25 25 25 25 25 Average Carried 23 | 3 17 20 19 20 20 19 24 24 24 23 23 24 24 24 24 24 24 24 24 24 24 24 24 22 24 24 24 Final Capacity 25 | 8 20 20 20 20 20 20 25 25 25 25 25 25 25 25 25 25 25 25 25 25 25 25 25 25 25 25 5 Final Carried 25 | 6 20 20 20 20 20 20 25 25 24 24 24 24 25 25 25 24 25 24 25 25 25 25 25 23 25 20 5 Class Distribution -------------------- 33% | Gunner 16% | Scavenger-Mutant 15% | Mutant 15% | Scavenger-Skirmisher 9% | Hacker-Mutant 3% | Scavenger-Gunner Dominant Class ---------------- Mutant | -10/Materials Mutant | -10/Mines Mutant | -9/Materials Scavenger-Mutant | -9/Mines Scavenger-Mutant | -9/Exiles Scavenger-Mutant | -8/Mines Hacker-Mutant | -8/Materials Scavenger-Mutant | -8/Storage Gunner | -7/Factory Gunner | -7/Lower Caves Gunner | -7/Lower Caves Mutant | -7/Data Miner Gunner | -6/Proximity Caves Gunner | -6/Factory Gunner | -6/Lower Caves Gunner | -6/Lower Caves Gunner | -6/Zion Gunner | -5/Proximity Caves Gunner | -5/Factory Scavenger-Skirmisher | -5/Extension Scavenger-Skirmisher | -5/Cetus Scavenger-Skirmisher | -5/Archives Scavenger-Tank | -5/Hub_04(d) Scavenger-Skirmisher | -4/Factory Scavenger-Skirmisher | -4/Waste Scavenger-Skirmisher | -4/Factory Scavenger-Gunner | -4/Armory Resources | -11 -10 -10 -9 -9 -9 -8 -8 -8 -7 -7 -7 -7 -6 -6 -6 -6 -6 -5 -5 -5 -5 -5 -5 -4 -4 -4 -4 ----------- Run | Scr Mat Min Mat Min Exi Min Mat Sto Fac Low Low Dat Pro Fac Low Low Zio Pro Fac Ext Cet Arc Hub Fac Was Fac Arm Matter Collected 13205 | 249 642 147 1019 229 . 26 1303 979 248 202 322 . 201 1141 411 413 . 271 66 711 494 405 894 422 275 1162 973 Remotely 450 | . . . . . . . . . . . . . . . . . . . . . . . . . . 450 . Salvage Created 21807 | . 1070 256 1496 43 . . 2400 1323 349 166 383 . 164 1120 390 688 . 241 379 1218 534 343 2105 1151 350 3937 1701 Parts 1084 | . 70 18 113 10 . . 138 70 16 8 20 . 8 60 22 25 . 12 26 44 17 26 109 43 5 145 79 Haulers Intercepted 15 | . 2 . 4 . . . 5 2 . . . . . 1 . . . . . . . . 1 . . . . Recyclers Shooed 9 | . . . 2 . . . 1 2 . . . . . 1 . . . . . . . . 1 2 . . . Parts Field Recycled . | . . . . . . . . . . . . . . . . . . . . . . . . . . . . Retrieved Matter . | . . . . . . . . . . . . . . . . . . . . . . . . . . . . Parts Self-Destructed 125 | . . . . . . . . . . 8 22 . 17 . 23 26 . 29 . . . . . . . . . Prevented 3 | . . . . . . . . . . . . . 1 . 2 . . . . . . . . . . . . Kills | -11 -10 -10 -9 -9 -9 -8 -8 -8 -7 -7 -7 -7 -6 -6 -6 -6 -6 -5 -5 -5 -5 -5 -5 -4 -4 -4 -4 ------- Run | Scr Mat Min Mat Min Exi Min Mat Sto Fac Low Low Dat Pro Fac Low Low Zio Pro Fac Ext Cet Arc Hub Fac Was Fac Arm Combat Hostiles Destroyed 350 | . 23 5 34 3 . . 41 22 7 3 8 . 5 18 9 13 . 3 5 10 13 2 27 17 . 55 27 Melee 1 | . . . . . . . . . . . . . . . . . . . . . . . . . . 1 . Guns 231 | . 23 5 23 3 . . 37 22 7 3 8 . 5 18 6 11 . 3 5 5 3 2 27 7 . 8 . Cannons 37 | . . . . . . . . . . . . . . . . . . . . 5 4 . . . . 10 18 AOE 55 | . . . 11 . . . 4 . . . . . . . 3 2 . . . . 6 . . 9 . 13 7 Classes Destroyed 22 | . 7 . 3 . . . 3 3 1 . . . . . 1 1 . 1 . 1 . . . 1 . . . Worker 19 | . 3 1 2 . . . 4 1 . . . . . . . . . . 2 2 . . 2 1 . 1 . Builder 5 | . . . . . . . . 1 . . . . . . . . . . 1 . . . 2 1 . . . Tunneler 3 | . 1 1 1 . . . . . . . . . . . . . . . . . . . . . . . . Hauler 15 | . 2 . 4 . . . 5 2 . . . . . 1 . . . . . . . . 1 . . . . Recycler 27 | . 2 1 2 . . . 6 2 . . . . . 1 . . . . . 5 . . 1 3 . 4 . Mechanic 3 | . . . . . . . . . . . . . . . . 1 . . . . . . . . . 1 1 Operator 14 | . 3 . 3 . . . 2 2 . . . . . . . . . . . . . 4 . . . . . Watcher 9 | . . . 3 . . . 1 . . . . . . 3 . . . . . . . . 2 . . . . Swarmer 74 | . 9 2 15 3 . . 10 3 1 . 4 . 4 6 4 2 . . . . 4 . 4 . . 3 . Saboteur 3 | . . . . . . . . . . . . . . . . . . . . . . . . 1 . 2 . Grunt 150 | . 14 2 9 . . . 18 13 3 2 1 . 1 2 4 6 . 2 2 6 4 . 9 7 . 32 13 Brawler 11 | . . . . . . . . 2 . 1 2 . . . . 2 . . 1 . . . . . . 2 1 Duelist 10 | . . . 1 . . . . 1 . . . . . . . 2 . . . 1 . . 1 1 . . 3 Protector 2 | . . . . . . . . 1 . . . . . . . . . . . . . . . . . . 1 Sentry 36 | . . . 9 . . . 8 1 2 . 1 . . 3 . 1 . . . 1 . 2 2 . . 4 2 Specialist 7 | . . . . . . . 2 . . . . . . . . . . . . . . . 2 2 . . 1 Hunter 22 | . . . . . . . 2 1 . . . . . 4 . . . . . 1 2 . 3 4 . 5 . Programmer 23 | . . . . . . . . . 1 . . . . 3 . . . 1 1 . . . 2 2 . 7 6 Heavy 3 | . . . . . . . 1 . . . . . . . . . . . 1 . . . 1 . . . . Behemoth 2 | . . . . . . . . . . . . . . . 1 . . . . 1 . . . . . . . Cetus Guard 3 | . . . . . . . . . . . . . . . . . . . . . 3 . . . . . . Lightning 3 | . . . . . . . . . . . . . . . . . . . . . . . 3 . . . . Thug 2 | . . . . . . . . 1 . . . . . . . . . . . 1 . . . . . . . Butcher 1 | . . . . . . . . . . . . . . . . . . . . . 1 . . . . . . Fireman 1 | . . . . . . . . . . . . . . . . . . . . 1 . . . . . . . Mutant 1 | . . . . . . . . . . . . . . . . . . 1 . . . . . . . . . Best Kill Streak 20 | . 8 2 11 3 . . 11 5 4 3 5 . 4 4 4 11 . 2 5 4 5 2 12 20 . 9 5 Combat Bots Only 15 | . 6 2 11 3 . . 9 5 4 3 5 . 4 3 4 10 . 2 3 3 5 1 7 15 . 9 5 Max Kills in Single Turn 9 | . 2 1 9 1 . . 2 2 1 1 1 . 1 1 3 2 . 2 2 2 4 1 2 6 . 4 3 Gunslinging 1 | . 1 . . . . . 1 . . . . . . . . . . . . . . . 1 . . 1 . Exploded 9 | . . . 9 . . . 2 . . . . . . . 3 1 . . . . 4 . . 3 . 4 3 Melee 1 | . . . . . . . . . . . . . . . . . . . . . . . . . . 1 . Uniques/NPCs Destroyed 1 | . . 1 . . . . . . . . . . . . . . . . . . . . . . . . . YI-UF0 (-10/Mines) Combat | -11 -10 -10 -9 -9 -9 -8 -8 -8 -7 -7 -7 -7 -6 -6 -6 -6 -6 -5 -5 -5 -5 -5 -5 -4 -4 -4 -4 -------- Run | Scr Mat Min Mat Min Exi Min Mat Sto Fac Low Low Dat Pro Fac Low Low Zio Pro Fac Ext Cet Arc Hub Fac Was Fac Arm Damage Taken 23897 | . 903 309 1312 54 . . 2677 1305 536 72 292 . 284 1199 629 544 . 237 304 193 533 120 2869 1517 . 4506 3502 Core 2770 | . 127 105 331 . . . 323 97 23 . . . 72 127 38 79 . 18 42 . 82 . 140 79 . 306 781 Absorbed by Shields 1186 | . . . . . . . . . . . . . . 258 . . . . 186 201 370 . . . . 40 131 Reduced by Siege Mode 644 | . . . . . . . . . . . . . . . . . . . . . . . 65 41 . 538 . Redirected to Shielding 46 | . . . . . . . . . . . . . . . . 46 . . . . . . . . . . . Regen/Repaired (Parts) 2516 | . 355 . 347 . . . 872 544 . . . . . 398 . . . . . . . . . . . . . Core Remaining (%) 53 | 100 . 7 . . . 17 . 23 . . . . 86 . . . . 69 . . . . 73 . . . . Volleys Fired 1029 | . 86 19 118 5 . . 174 98 23 9 17 . 10 68 19 28 . 15 16 31 27 23 58 23 4 104 54 Largest 3 | . 2 2 2 2 . . 2 2 3 3 3 . 3 3 3 3 . 3 3 3 3 3 3 3 2 2 3 Hottest 360 | . 70 112 112 48 . . 106 86 75 75 75 . 75 75 75 75 . 83 83 108 108 105 240 240 68 190 360 Shots Fired 2233 | . 172 38 232 10 . . 334 175 69 27 52 . 31 202 55 80 . 44 48 64 63 57 164 50 16 128 122 Gun 1945 | . 172 38 229 10 . . 320 173 69 27 52 . 31 201 54 78 . 44 48 42 48 57 164 43 16 29 . Cannon 253 | . . . . . . . 4 . . . . . . . . . . . . 22 12 . . 2 . 94 119 Launcher 35 | . . . 3 . . . 10 2 . . . . . 1 1 2 . . . . 3 . . 5 . 5 3 Special . | . . . . . . . . . . . . . . . . . . . . . . . . . . . . Kinetic 1706 | . 141 34 206 10 . . 208 162 69 27 52 . 31 201 54 78 . 44 48 64 60 57 133 8 14 5 . Thermal 404 | . 31 4 23 . . . 105 11 . . . . . . . . . . . . . . 31 35 2 43 119 Explosive 35 | . . . 3 . . . 10 2 . . . . . 1 1 2 . . . . 3 . . 5 . 5 3 Electromagnetic 88 | . . . . . . . 11 . . . . . . . . . . . . . . . . 2 . 75 . Robot Hit Streak 34 | . 8 7 17 2 . . 31 22 25 13 14 . 7 12 17 26 . 10 20 34 12 8 26 25 18 22 16 Robot Miss Streak 5 | . 5 3 5 2 . . 3 4 2 1 3 . 3 5 2 3 . 3 1 2 2 3 2 2 1 4 2 Penetration Max 1 | . . . . . . . . . . . . . . . . . . . 1 1 1 . 1 . . 1 . Secondary Targets 48 | . 4 . 2 1 . . 7 3 1 1 2 . 2 3 . 4 . 1 2 . 1 . 11 1 . 2 . Max Gunslinging Chain 2 | . 1 . 1 1 . . 1 1 1 1 1 . 1 1 . 1 . 1 1 . 1 . 2 1 . 1 . Shots Hit Robots 1578 | . 99 26 157 4 . . 252 126 51 21 32 . 19 136 41 61 . 31 44 46 45 38 124 38 9 104 74 Core Hits 921 | . 44 10 64 3 . . 100 52 14 7 14 . 10 59 24 39 . 9 19 27 39 15 66 88 2 131 85 Critical Kills 28 | . 1 . 1 . . . . . . . 1 . . 1 . . . . . 1 . 4 12 2 1 2 2 Critical Parts Destroyed 33 | . . 1 . . . . 2 . 1 . . . . 1 . . . 1 . 1 4 2 18 2 . . . Critical Strikes 84 | . 2 2 2 . . . 6 2 1 . 1 . . 2 . . . 1 . 4 5 6 30 6 3 9 2 Burn 9 | . 1 1 1 . . . 4 2 . . . . . . . . . . . . . . . . . . . Meltdown 4 | . . . . . . . . . . . . . . . . . . . . . . . . . . 2 2 Destroy 59 | . 1 1 1 . . . 2 . 1 . 1 . . 2 . . . 1 . 2 4 6 30 4 3 . . Blast 3 | . . . . . . . . . . . . . . . . . . . . 2 1 . . . . . . Corrupt 9 | . . . . . . . . . . . . . . . . . . . . . . . . 2 . 7 . Melee Attacks 16 | . . . . . . . . 5 . . . . . 4 . . . . 2 3 . . . 2 . . . Impact 14 | . . . . . . . . 5 . . . . . 4 . . . . 2 3 . . . . . . . Slashing . | . . . . . . . . . . . . . . . . . . . . . . . . . . . . Piercing . | . . . . . . . . . . . . . . . . . . . . . . . . . . . . Sneak Attacks 3 | . . . . . . . . . . . . . . . . . . . 1 . . . . 2 . . . Combat Hostiles . | . . . . . . . . . . . . . . . . . . . . . . . . . . . . Follow-up Attacks . | . . . . . . . . . . . . . . . . . . . . . . . . . . . . Damage Inflicted 43921 | . 1459 440 3048 66 . . 5234 2324 996 346 557 . 320 2439 903 1435 . 587 1009 2206 2393 766 2976 2622 57 7229 4509 Guns 25645 | . 1420 440 2457 66 . . 4257 2281 963 346 557 . 320 2357 690 996 . 587 806 834 1030 766 2952 790 57 673 . Cannons 9466 | . . . . . . . 40 . . . . . . . . . . . . 1366 657 . . 108 . 4051 3244 Explosions 8355 | . . . 530 . . . 870 . . . . . . . 213 439 . . 87 . 706 . 16 1724 . 2505 1265 Melee 116 | . . . . . . . . . . . . . . . . . . . 116 . . . . . . . . Ramming 339 | . 39 . 61 . . . 67 43 33 . . . . 82 . . . . . 6 . . 8 . . . . Kinetic 23287 | . 1154 396 2237 66 . . 2538 2123 963 346 557 . 320 2357 690 996 . 587 806 2200 1687 766 2303 57 57 81 . Thermal 8242 | . 266 44 220 . . . 1577 158 . . . . . . . . . . . . . . 649 733 . 1351 3244 Explosive 8266 | . . . 530 . . . 870 . . . . . . . 213 439 . . 87 . 706 . . 1724 . 2432 1265 Electromagnetic 3671 | . . . . . . . 182 . . . . . . . . . . . . . . . 16 108 . 3365 . Impact 116 | . . . . . . . . . . . . . . . . . . . 116 . . . . . . . . Slashing . | . . . . . . . . . . . . . . . . . . . . . . . . . . . . Piercing . | . . . . . . . . . . . . . . . . . . . . . . . . . . . . Highest Corruption 19 | . . . . . . . . 4 . . 3 3 3 . . . . 7 . . 7 7 18 10 10 15 19 Average Corruption 8 | . . . . . . . . 4 . . 3 3 3 . . . . 7 . . 7 5 13 10 10 11 16 Corruption Purged 7 | . . . . . . . . . . . . . . . . . . . . . . 7 . . . . . Corruption Blocked 37 | . . . . . . . . . . . . . . . . . . . . 11 . . . . . . 26 Effects 296 | . . . . . . . . 39 . . 8 5 14 . . . . . . . 16 7 14 26 35 69 63 Message Errors 55 | . . . . . . . . 6 . . 1 1 . . . . . . . . 2 1 5 7 4 15 13 Matter Fused 92 | . . . . . . . . 14 . . 3 2 8 . . . . . . . 2 2 4 5 8 24 20 Heat Flow Errors 36 | . . . . . . . . 7 . . 1 1 1 . . . . . . . 4 1 . 3 6 6 6 Energy Discharges 29 | . . . . . . . . 3 . . 1 . 1 . . . . . . . 1 . . 3 3 8 9 Parts Rejected 1 | . . . . . . . . . . . . . . . . . . . . . . . . 1 . . . Data Loss (minor) 27 | . . . . . . . . 5 . . 1 1 1 . . . . . . . 2 1 1 . 4 6 5 Data Loss (major) 10 | . . . . . . . . . . . . . . . . . . . . . 1 . 1 3 2 3 . Misfires 19 | . . . . . . . . 1 . . 1 . 2 . . . . . . . 2 . 1 1 8 2 1 Alerts 10 | . . . . . . . . 3 . . . . . . . . . . . . . 1 1 2 . 2 1 Misdirections 2 | . . . . . . . . . . . . . . . . . . . . . . . . 1 . . 1 Weapon Failures 15 | . . . . . . . . . . . . . 1 . . . . . . . 2 1 1 . . 3 7 Overload Shots . | . . . . . . . . . . . . . . . . . . . . . . . . . . . . Overflow Damage 510 | . . . 30 . . . 37 . . . . . . . . 8 . . 76 196 . . . 3 . 81 79 Projectiles 271 | . . . . . . . . . . . . . . . . . . . . 196 . . . . . 43 32 Explosions 163 | . . . 30 . . . 37 . . . . . . . . 8 . . . . . . . 3 . 38 47 Melee 76 | . . . . . . . . . . . . . . . . . . . 76 . . . . . . . . Knockbacks 5 | . . . . . . . 1 . 1 . . . . 1 . . . . . 2 . . . . . . . Impact 3 | . . . . . . . 1 . 1 . . . . 1 . . . . . . . . . . . . . Kinetic 2 | . . . . . . . . . . . . . . . . . . . . 2 . . . . . . . Secondary . | . . . . . . . . . . . . . . . . . . . . . . . . . . . . Self-Inflicted Damage 994 | . . . 57 . . . . . . . . . . 74 . 10 . . 175 . . . 97 28 . 317 236 Shots 31 | . . . 3 . . . . . . . . . . 1 . 1 . . 2 . . . 1 1 . 13 9 Rammed 32 | . 3 . 5 . . . 8 5 2 . . . . 7 . . . . . 1 . . 1 . . . . Targets Rammed 38 | . 4 . 6 . . . 9 7 2 . . . . 7 . . . . . 1 . . 2 . . . . Kicked . | . . . . . . . . . . . . . . . . . . . . . . . . . . . . Crushed 6 | . 1 . 1 . . . 1 2 . . . . . . . . . . . . . . 1 . . . . Highest Temperature 468 | . 210 33 43 20 . . 288 289 33 18 174 117 148 45 130 384 . 138 246 203 441 117 279 187 201 435 468 Average Temperature 84 | . 61 12 11 8 . . 82 102 13 15 25 66 22 9 48 156 . 54 88 65 157 21 44 78 87 136 122 Received Heat Transfer 5395 | . 390 111 387 . . . 900 594 183 45 54 . 84 88 132 162 . . 24 16 74 . 486 186 . 1004 475 Effects 23 | . . . . . . . . 3 . . . . . . . 1 . . . . 5 . . . . 9 5 Shutdowns 3 | . . . . . . . . . . . . . . . . . . . . . 2 . . . . 1 . Energy Bleed 4 | . . . . . . . . 1 . . . . . . . 1 . . . . 1 . . . . 1 . Interference 8 | . . . . . . . . 2 . . . . . . . . . . . . 2 . . . . 4 . Short Circuit 1 | . . . . . . . . . . . . . . . . . . . . . . . . . . . 1 Damage (minor) 1 | . . . . . . . . . . . . . . . . . . . . . . . . . . 1 . Damage (major) 6 | . . . . . . . . . . . . . . . . . . . . . . . . . . 2 4 Siege Activations 9 | . . . . . . . . . . . . . . . . . . . . . . . 3 1 . 5 . Total Turns 292 | . . . . . . . . . . . . . . . . . . . . . . . 112 34 . 146 . Longest Duration 71 | . . . . . . . . . . . . . . . . . . . . . . . 71 34 . 46 . Robots Corrupted 22 | . . . . . . . . . . . . . . . . . . . . . . . . 1 . 21 . Combat Hostiles 22 | . . . . . . . . . . . . . . . . . . . . . . . . 1 . 21 . Parts Fried 37 | . . . . . . . 4 . . . . . . . 1 . . . 1 . . . . 3 . 28 . Impact Corruptions 2 | . . . . . . . . . . . . . . 1 . . . . 1 . . . . . . . . Robots Melted 4 | . . . . . . . . . . . . . . . . . . . . . . . . . . 2 2 Combat Hostiles 4 | . . . . . . . . . . . . . . . . . . . . . . . . . . 2 2 Parts Melted 23 | . 1 . 1 . . . 3 . . . . . . . . . . . . 2 . . 3 . . 8 5 Heat Transferred 11290 | . 851 185 629 . . . 3663 481 . . . . . . . . . . . . . . 777 999 . 1271 2434 Parts Sabotaged 6 | . . . . . . . . . . . . . . . . . . . . . . . 2 . . 2 2 Parts Stolen . | . . . . . . . . . . . . . . . . . . . . . . . . . . . . Parts Stripped . | . . . . . . . . . . . . . . . . . . . . . . . . . . . . Power Chain Reactions . | . . . . . . . . . . . . . . . . . . . . . . . . . . . . Missiles Intercepted . | . . . . . . . . . . . . . . . . . . . . . . . . . . . . Alert | -11 -10 -10 -9 -9 -9 -8 -8 -8 -7 -7 -7 -7 -6 -6 -6 -6 -6 -5 -5 -5 -5 -5 -5 -4 -4 -4 -4 ------- Run | Scr Mat Min Mat Min Exi Min Mat Sto Fac Low Low Dat Pro Fac Low Low Zio Pro Fac Ext Cet Arc Hub Fac Was Fac Arm Peak Influence 1770 | . 405 283 428 171 . . 586 644 313 . . . . 326 . . . . 452 1323 1729 771 1021 1017 344 1770 1658 Initial 1100 | . . 148 . 101 . . . 63 292 . . . . . . . . . 138 221 714 611 199 499 344 . 1100 Average 363 | . 239 145 190 169 . . 146 416 195 . . . . 75 . . . . 189 528 1213 692 725 712 178 552 1273 Maximum Alert Level 5 | . 2 1 2 . . . 2 2 1 . . . . 1 . . . . 2 4 5 3 3 3 1 5 5 Low Security (%) 47 | 100 40 67 49 100 . 100 85 9 48 . . . . 85 . . . . 80 19 . . 6 . 63 41 . Level 1 23 | . 58 32 49 . . . 5 33 51 . . . . 14 . . . . 2 34 . . 14 . 36 12 . Level 2 11 | . 1 . . . . . 9 57 . . . . . . . . . . 17 6 4 43 19 45 . 8 . Level 3 9 | . . . . . . . . . . . . . . . . . . . . 28 51 56 59 54 . 21 1 Level 4 7 | . . . . . . . . . . . . . . . . . . . . 11 37 . . . . 8 91 Level 5 . | . . . . . . . . . . . . . . . . . . . . . 5 . . . . 4 7 High Security . | . . . . . . . . . . . . . . . . . . . . . . . . . . 2 . Max Security . | . . . . . . . . . . . . . . . . . . . . . . . . . . . . Squads Dispatched 91 | . 6 . 4 . . . 6 9 6 . 1 . . 3 . 1 . . 4 5 2 . 8 6 . 20 10 Investigation 27 | . 4 . 1 . . . 2 2 . . . . . . . . . . 2 5 2 . 1 2 . 5 1 Extermination 13 | . . . . . . . . . 1 . . . . 3 . . . . . . . . 1 2 . 3 3 Reinforcement 23 | . 2 . 3 . . . 4 3 2 . . . . . . . . . 2 . . . 3 1 . 2 1 Assault 21 | . . . . . . . . 3 . . 1 . . . . 1 . . . . . . 2 1 . 8 5 Garrison 7 | . . . . . . . . 1 3 . . . . . . . . . . . . . 1 . . 2 . Intercept . | . . . . . . . . . . . . . . . . . . . . . . . . . . . . Searches Triggered . | . . . . . . . . . . . . . . . . . . . . . . . . . . . . Data Miner Redirects 12 | . . . . . . . . . . . . . . . . . . . 1 2 2 . 2 . . 2 3 Construction Impeded 4 | . . . 1 . . . . . . . . . . . . . . . . . . . 1 . . 2 . Haulers Reinforced . | . . . . . . . . . . . . . . . . . . . . . . . . . . . . Active Scanning Responses 14 | . . . . . . . . . . . . . . . . . . . 2 4 2 . 1 2 . 3 . Cargo Convoy Interrupts 1 | . . . . . . . . . 1 . . . . . . . . . . . . . . . . . . Stealth | -11 -10 -10 -9 -9 -9 -8 -8 -8 -7 -7 -7 -7 -6 -6 -6 -6 -6 -5 -5 -5 -5 -5 -5 -4 -4 -4 -4 --------- Run | Scr Mat Min Mat Min Exi Min Mat Sto Fac Low Low Dat Pro Fac Low Low Zio Pro Fac Ext Cet Arc Hub Fac Was Fac Arm Distress Signals 20 | . 4 . 3 . . . 4 2 . . . . . . . . . . . 2 2 . 2 1 . . . Communications Jammed 47 | . . . . . . . 29 . . . . . . . . . . . . . . . . . . . 18 Distress Signals 43 | . . . . . . . 25 . . . . . . . . . . . . . . . . . . . 18 Times Spotted 569 | . 46 6 52 2 . . 75 42 10 3 8 . 7 27 8 17 . 12 8 33 30 12 35 19 . 68 49 Peak Tracking Total 11 | . 5 3 11 2 . . 9 6 4 3 5 . 4 5 4 8 . 5 5 5 7 1 6 7 . 9 8 Tactical Retreats 19 | . . . 1 . . . 2 5 1 . 1 . . . . . . 2 1 . 1 . . . . 3 2 Traps | -11 -10 -10 -9 -9 -9 -8 -8 -8 -7 -7 -7 -7 -6 -6 -6 -6 -6 -5 -5 -5 -5 -5 -5 -4 -4 -4 -4 ------- Run | Scr Mat Min Mat Min Exi Min Mat Sto Fac Low Low Dat Pro Fac Low Low Zio Pro Fac Ext Cet Arc Hub Fac Was Fac Arm Traps Triggered 12 | . 2 . . . . . . 2 . . . . . . . . . . . . . . . 3 . 5 . Indirectly . | . . . . . . . . . . . . . . . . . . . . . . . . . . . . Trap Hack Attempts . | . . . . . . . . . . . . . . . . . . . . . . . . . . . . Triggered . | . . . . . . . . . . . . . . . . . . . . . . . . . . . . Disarmed . | . . . . . . . . . . . . . . . . . . . . . . . . . . . . Reprogrammed . | . . . . . . . . . . . . . . . . . . . . . . . . . . . . Reused . | . . . . . . . . . . . . . . . . . . . . . . . . . . . . Traps Extracted . | . . . . . . . . . . . . . . . . . . . . . . . . . . . . Installed . | . . . . . . . . . . . . . . . . . . . . . . . . . . . . Triggered 5 | . . . . . . . . . 1 . . . 3 . 1 . . . . . . . . . . . . Most Traps Carried 1 | . . . . . . . . . . . . . 1 1 . . . . . . . . . . . . . Machines | -11 -10 -10 -9 -9 -9 -8 -8 -8 -7 -7 -7 -7 -6 -6 -6 -6 -6 -5 -5 -5 -5 -5 -5 -4 -4 -4 -4 ---------- Run | Scr Mat Min Mat Min Exi Min Mat Sto Fac Low Low Dat Pro Fac Low Low Zio Pro Fac Ext Cet Arc Hub Fac Was Fac Arm Machines Disabled 46 | . 2 1 . . . . 3 3 . . . . . 2 . . . 1 3 . . 4 6 1 . 16 4 Max in Single Turn 5 | . 1 1 . . . . 1 1 . . . . . 1 . . . . 2 . . 1 3 1 . 5 1 Garrison Access 3 | . . . . . . . 1 1 . . . . . . . . . . . . . . . . . 1 . Network Hub 1 | . . . . . . . . . . . . . . . . . . . . . . . 1 . . . . Machines Sabotaged . | . . . . . . . . . . . . . . . . . . . . . . . . . . . . Garrisons Compromised 1 | . . . . . . . . . 1 . . . . . . . . . . . . . . . . . . Overloaded Fab Kills . | . . . . . . . . . . . . . . . . . . . . . . . . . . . . Hacking | -11 -10 -10 -9 -9 -9 -8 -8 -8 -7 -7 -7 -7 -6 -6 -6 -6 -6 -5 -5 -5 -5 -5 -5 -4 -4 -4 -4 --------- Run | Scr Mat Min Mat Min Exi Min Mat Sto Fac Low Low Dat Pro Fac Low Low Zio Pro Fac Ext Cet Arc Hub Fac Was Fac Arm Machines Accessed 78 | . 10 . 13 . 1 . 15 11 4 . 1 4 . 6 1 . 1 . 2 . . . . . . 7 2 Terminals 35 | . 7 . 8 . . . 8 7 . . . . . 3 . . . . 1 . . . . . . . 1 Fabricators 4 | . . . . . . . . . . . . . . . . . . . 1 . . . . . . 2 1 Repair Stations 10 | . 1 . 2 . . . 2 1 2 . . . . 2 . . . . . . . . . . . . . Recycling Units 10 | . 2 . 1 . . . 2 2 1 . . . . . . . . . . . . . . . . 2 . Scanalyzers 8 | . . . 2 . . . 2 . 1 . . . . 1 . . . . . . . . . . . 2 . Garrison Access 3 | . . . . . . . 1 1 . . . . . . . . . . . . . . . . . 1 . Total Hacks 266 | . 29 . 51 . 23 . 54 17 15 . 1 29 . 13 1 . 3 . 2 . . . . . . 23 5 Successful 193 | . 17 . 34 . 23 . 43 13 12 . 1 29 . 8 1 . 3 . 1 . . . . . . 5 3 Failed 73 | . 12 . 17 . . . 11 4 3 . . . . 5 . . . . 1 . . . . . . 18 2 Catastrophic 11 | . 1 . 1 . . . 1 . 2 . . . . . . . . . 1 . . . . . . 5 . Database Lockouts . | . . . . . . . . . . . . . . . . . . . . . . . . . . . . Manual 98 | . 15 . 29 . . . 22 6 . . . . . 2 . . . . 1 8 1 . 6 . . 2 6 Terminals 111 | . 21 . 34 . . . 34 12 . . . . . 6 . . . . 1 . . . . . . . 3 Fabricators 12 | . . . . . . . . . . . . . . . . . . . 1 . . . . . . 9 2 Repair Stations 38 | . 6 . 10 . . . 11 2 4 . . . . 5 . . . . . . . . . . . . . Recycling Units 16 | . 2 . 3 . . . 3 2 1 . . . . . . . . . . . . . . . . 5 . Scanalyzers 27 | . . . 4 . . . 5 . 10 . . . . 2 . . . . . . . . . . . 6 . Garrison Access 5 | . . . . . . . 1 1 . . . . . . . . . . . . . . . . . 3 . Terminal Hacks 111 | . 7 . 18 . 23 . 20 6 . . 1 29 . 1 1 . 3 . 1 . . . . . . . 1 Record 34 | . . . . . 23 . . . . . . 11 . . . . . . . . . . . . . . . Part Schematic 16 | . 1 . 3 . . . . . . . . 9 . . . . 3 . . . . . . . . . . Robot Schematic 6 | . . . . . . . . . . . . 6 . . . . . . . . . . . . . . . Robot Analysis 10 | . 3 . 2 . . . 5 . . . . . . . . . . . . . . . . . . . . Prototype ID Bank 11 | . 2 . 5 . . . . 1 . . . 3 . . . . . . . . . . . . . . . Open Door 8 | . . . . . . . . 4 . . 1 . . . 1 . . . 1 . . . . . . . 1 Branch Access Points 3 | . . . . . . . 2 . . . . . . 1 . . . . . . . . . . . . . Alert Level 9 | . . . 3 . . . 6 . . . . . . . . . . . . . . . . . . . . Unreport Threat 7 | . . . 2 . . . 5 . . . . . . . . . . . . . . . . . . . . Locate Traps 4 | . . . 3 . . . . 1 . . . . . . . . . . . . . . . . . . . Patrol Status 1 | . . . . . . . 1 . . . . . . . . . . . . . . . . . . . . Hauler Manifests 1 | . 1 . . . . . . . . . . . . . . . . . . . . . . . . . . Zone Layout 1 | . . . . . . . 1 . . . . . . . . . . . . . . . . . . . . Fabricator Hacks 4 | . . . . . . . . . . . . . . . . . . . . . . . . . . 2 2 Load Schematic 2 | . . . . . . . . . . . . . . . . . . . . . . . . . . 1 1 Build 2 | . . . . . . . . . . . . . . . . . . . . . . . . . . 1 1 Repair Station Hacks 33 | . 6 . 9 . . . 10 2 2 . . . . 4 . . . . . . . . . . . . . Scan Component 18 | . 3 . 5 . . . 5 1 2 . . . . 2 . . . . . . . . . . . . . Repair 15 | . 3 . 4 . . . 5 1 . . . . . 2 . . . . . . . . . . . . . Recycling Unit Hacks 2 | . . . . . . . 1 . . . . . . . . . . . . . . . . . . 1 . Retrieve Components 2 | . . . . . . . 1 . . . . . . . . . . . . . . . . . . 1 . Scanalyzer 23 | . . . 4 . . . 5 . 10 . . . . 2 . . . . . . . . . . . 2 . Insert Component 11 | . . . 2 . . . 3 . 4 . . . . 1 . . . . . . . . . . . 1 . Analyze 12 | . . . 2 . . . 2 . 6 . . . . 1 . . . . . . . . . . . 1 . Garrison Access Hacks 2 | . . . . . . . 1 1 . . . . . . . . . . . . . . . . . . . Seal Access 2 | . . . . . . . 1 1 . . . . . . . . . . . . . . . . . . . Unauthorized Hacks 18 | . 4 . 3 . . . 6 4 . . . . . 1 . . . . . . . . . . . . . Terminals 12 | . 2 . 3 . . . 4 2 . . . . . 1 . . . . . . . . . . . . . Assimilate 1 | . . . . . . . 1 . . . . . . . . . . . . . . . . . . . . Botnet 7 | . 1 . 2 . . . 2 1 . . . . . 1 . . . . . . . . . . . . . Operators 4 | . 1 . 1 . . . 1 1 . . . . . . . . . . . . . . . . . . . Fabricators . | . . . . . . . . . . . . . . . . . . . . . . . . . . . . Repair Stations . | . . . . . . . . . . . . . . . . . . . . . . . . . . . . Recycling Units 6 | . 2 . . . . . 2 2 . . . . . . . . . . . . . . . . . . . Tunnel 6 | . 2 . . . . . 2 2 . . . . . . . . . . . . . . . . . . . Scanalyzers . | . . . . . . . . . . . . . . . . . . . . . . . . . . . . Garrison Access . | . . . . . . . . . . . . . . . . . . . . . . . . . . . . Data Cores Recovered 2 | . 1 . 1 . . . . . . . . . . . . . . . . . . . . . . . . Used 1 | . 1 . . . . . . . . . . . . . . . . . . . . . . . . . . Hacking Detections 56 | . 8 . 11 . . . 12 5 4 . . . . 6 . . . . 1 . . . . . . 7 2 Full Trace Events 5 | . 1 . 1 . . . . . . . . . . . . . . . . . . . . . . 2 1 Feedback Events . | . . . . . . . . . . . . . . . . . . . . . . . . . . . . Feedback Blocked . | . . . . . . . . . . . . . . . . . . . . . . . . . . . . Robot Schematics Acquired 6 | . . . . . . . . . . . . 6 . . . . . . . . . . . . . . . Robots Built . | . . . . . . . . . . . . . . . . . . . . . . . . . . . . Authchips . | . . . . . . . . . . . . . . . . . . . . . . . . . . . . Time . | . . . . . . . . . . . . . . . . . . . . . . . . . . . . Total Robot Build Rating . | . . . . . . . . . . . . . . . . . . . . . . . . . . . . Part Schematics Acquired 25 | . 1 . 5 . . . 1 . 4 . . 9 . 1 . . 3 . . . . . . . . 1 . Parts Built 2 | . . . . . . . . . . . . . . . . . . . . . . . . . . 2 . Authchips . | . . . . . . . . . . . . . . . . . . . . . . . . . . . . Time 138 | . . . . . . . . . . . . . . . . . . . . . . . . . . 69 69 Total Part Build Rating 18 | . . . . . . . . . . . . . . . . . . . . . . . . . . 18 . Parts Repaired 15 | . 3 . 4 . . . 5 1 . . . . . 2 . . . . . . . . . . . . . Time 597 | . 78 . 128 . . . 249 44 . . . . . 98 . . . . . . . . . . . . . Parts Recycled . | . . . . . . . . . . . . . . . . . . . . . . . . . . . . Recycled Matter . | . . . . . . . . . . . . . . . . . . . . . . . . . . . . Retrieved Matter . | . . . . . . . . . . . . . . . . . . . . . . . . . . . . Retrieved Components 9 | . . . . . . . 9 . . . . . . . . . . . . . . . . . . . . Parts Scanalyzed 10 | . . . 2 . . . 2 . 4 . . . . 1 . . . . . . . . . . . 1 . Part Schematics Acquired 9 | . . . 2 . . . 1 . 4 . . . . 1 . . . . . . . . . . . 1 . Parts Damaged . | . . . . . . . . . . . . . . . . . . . . . . . . . . . . Bothacking | -11 -10 -10 -9 -9 -9 -8 -8 -8 -7 -7 -7 -7 -6 -6 -6 -6 -6 -5 -5 -5 -5 -5 -5 -4 -4 -4 -4 ------------ Run | Scr Mat Min Mat Min Exi Min Mat Sto Fac Low Low Dat Pro Fac Low Low Zio Pro Fac Ext Cet Arc Hub Fac Was Fac Arm Used RIF Installer . | . . . . . . . . . . . . . . . . . . . . . . . . . . . . Robots Hacked 1 | . . . . . . . . . . . . . . . . . . . . . . . . 1 . . . Non-combat 1 | . . . . . . . . . . . . . . . . . . . . . . . . 1 . . . Combat . | . . . . . . . . . . . . . . . . . . . . . . . . . . . . Robot Hacks Applied 1 | . . . . . . . . . . . . . . . . . . . . . . . . 1 . . . find_chute 1 | . . . . . . . . . . . . . . . . . . . . . . . . 1 . . . Relay Couplers Released 2 | . . . . . . . . . . . . . . . . . . . . . . . . . . 2 . Machine Destruction 2 | . . . . . . . . . . . . . . . . . . . . . . . . . . 2 . Fabnet Peak Effective % . | . . . . . . . . . . . . . . . . . . . . . . . . . . . . Robots Rewired 14 | . . . . . . . . . . . 1 . . . . 2 . . . 11 . . . . . . . Allies Hacked . | . . . . . . . . . . . . . . . . . . . . . . . . . . . . Hacks Repelled . | . . . . . . . . . . . . . . . . . . . . . . . . . . . . Allies | -11 -10 -10 -9 -9 -9 -8 -8 -8 -7 -7 -7 -7 -6 -6 -6 -6 -6 -5 -5 -5 -5 -5 -5 -4 -4 -4 -4 -------- Run | Scr Mat Min Mat Min Exi Min Mat Sto Fac Low Low Dat Pro Fac Low Low Zio Pro Fac Ext Cet Arc Hub Fac Was Fac Arm Total Allies 66 | . . . . . . . . 12 . . 1 . 1 . . 2 7 . . 32 5 . . . . . 6 Largest Group 14 | . . . . . . . . 10 . . 1 . 1 1 . 2 9 9 2 14 10 4 1 . . . 3 Highest-Rated Group 429 | . . . . . . . . 173 . . 30 . 96 96 . 61 314 314 74 429 429 363 96 . . . 243 Highest-Rated Ally 159 | . . . . . . . . 31 . . 30 . 96 96 . 32 41 41 39 159 151 96 96 . . . 81 Zionite Dispatches 6 | . . . . . . . . . . . . . . . . . . . . 3 . . . . . . 3 Fire 1 | . . . . . . . . . . . . . . . . . . . . 1 . . . . . . . Hacker 4 | . . . . . . . . . . . . . . . . . . . . 2 . . . . . . 2 Infowar Resupply 1 | . . . . . . . . . . . . . . . . . . . . . . . . . . . 1 Total Orders 2 | . . . . . . . . . . . . . . . . . . . . . . . . . . . 2 STAY 1 | . . . . . . . . . . . . . . . . . . . . . . . . . . . 1 DROP 1 | . . . . . . . . . . . . . . . . . . . . . . . . . . . 1 Ally Attacks 608 | . . . . . . . . 134 . . . . 7 3 . 6 . 79 13 220 72 23 3 . . . 48 Total Damage 14614 | . . . . . . . . 1853 . . . . 179 127 . 92 . 1565 203 5702 2488 639 143 . . . 1623 Kills 113 | . . . . . . . . 19 . . . . 3 2 . 2 . 12 1 42 18 3 1 . . . 10 Allies Corrupted . | . . . . . . . . . . . . . . . . . . . . . . . . . . . . Allies Melted 2 | . . . . . . . . . . . . . . . . . . . . . 1 . . . . . 1 Intel | -11 -10 -10 -9 -9 -9 -8 -8 -8 -7 -7 -7 -7 -6 -6 -6 -6 -6 -5 -5 -5 -5 -5 -5 -4 -4 -4 -4 ------- Run | Scr Mat Min Mat Min Exi Min Mat Sto Fac Low Low Dat Pro Fac Low Low Zio Pro Fac Ext Cet Arc Hub Fac Was Fac Arm Robot Analysis Total 10 | . 3 . 2 . . . 5 . . . . . . . . . . . . . . . . . . . . Derelict Logs Recovered 8 | . . 1 . . . . . . . 1 1 . 1 . 1 . 2 1 . . . . . . . . . Drone Launches . | . . . . . . . . . . . . . . . . . . . . . . . . . . . . Drone Recoveries . | . . . . . . . . . . . . . . . . . . . . . . . . . . . . Zionite Intel Received 1 | . . . . . . . . . . . . . . . . . . . . . . . 1 . . . . Trap Installations 1 | . . . . . . . . . . . . . . . . . . . . . . . 1 . . . . Exploration | -11 -10 -10 -9 -9 -9 -8 -8 -8 -7 -7 -7 -7 -6 -6 -6 -6 -6 -5 -5 -5 -5 -5 -5 -4 -4 -4 -4 ------------- Run | Scr Mat Min Mat Min Exi Min Mat Sto Fac Low Low Dat Pro Fac Low Low Zio Pro Fac Ext Cet Arc Hub Fac Was Fac Arm Turns Passed 34859 | 85 2321 813 2099 324 432 329 4942 2272 1246 873 1327 206 652 2595 1221 427 1586 794 751 2414 553 513 1070 757 1089 1774 1394 Spaces Moved 12407 | 49 810 309 641 130 181 135 1297 601 464 343 520 83 259 931 547 220 984 315 280 880 175 174 319 276 428 621 435 Core 26 | 7 . . . . . . . . . . . . . . . . . . . . . . . . . . 19 Treads 12098 | 42 810 309 641 130 181 135 1297 601 464 343 520 83 259 931 547 220 984 315 280 880 175 174 319 276 428 621 133 Legs 283 | . . . . . . . . . . . . . . . . . . . . . . . . . . . 283 Wheels . | . . . . . . . . . . . . . . . . . . . . . . . . . . . . Hover . | . . . . . . . . . . . . . . . . . . . . . . . . . . . . Flight . | . . . . . . . . . . . . . . . . . . . . . . . . . . . . Fastest Speed 50 | 50 160 240 240 240 240 240 240 317 246 246 243 243 243 160 160 160 160 160 242 242 242 163 240 166 240 160 50 Average Speed 242 | 144 233 240 240 240 240 240 310 327 248 246 245 243 243 240 210 161 160 234 242 242 242 216 243 229 245 226 251 Slowest Speed 2450 | 160 320 240 240 240 240 240 325 330 250 246 246 243 243 242 240 240 160 242 242 242 243 243 246 246 246 250 2450 Overloaded Moves . | . . . . . . . . . . . . . . . . . . . . . . . . . . . . Propulsion Burnouts . | . . . . . . . . . . . . . . . . . . . . . . . . . . . . Robots Hopped . | . . . . . . . . . . . . . . . . . . . . . . . . . . . . Cave-ins Triggered . | . . . . . . . . . . . . . . . . . . . . . . . . . . . . Exploration Rate (%) 50 | 3 99 69 75 26 53 27 97 78 18 49 65 69 40 23 65 33 90 52 9 93 56 80 19 9 88 18 21 Regions Visited 27 Branch Regions 18 Pre-discovered Areas 10 | . 2 . . . 1 . 2 2 . . . 1 . . . . 1 1 . . . . . . . . . Known Exits Taken 10 | . . . . . . 1 1 . 1 . . . . 1 . . . 1 1 1 1 1 1 . . . . Unknown Exits Taken 15 | 1 1 1 1 1 1 . . 1 . 1 1 1 1 . 1 1 1 . . . . . . . . 1 . Scrap Searched 18 | . . 1 . 2 . 1 . . . 1 3 . 1 . 4 2 2 1 . . . . . . . . . Spaces Dug 252 | . . . 4 . . . 23 19 . . . . . 13 . . . . 1 1 . . 168 1 . . 22 Terrain Destroyed 747 | . . . 15 . . . 67 19 . . . . . 38 7 20 . . 40 6 66 5 209 66 . 120 69 Melee 6 | . . . . . . . . . . . . . . 4 . . . . 1 1 . . . . . . . Projectile 113 | . . . . . . . . . . . . . . . . 1 . . 3 5 9 5 48 2 . 4 36 AOE 627 | . . . 15 . . . 67 19 . . . . . 34 7 19 . . 36 . 57 . 161 64 . 115 33 Terrain Rammed . | . . . . . . . . . . . . . . . . . . . . . . . . . . . . Walls Destroyed . | . . . . . . . . . . . . . . . . . . . . . . . . . . . . Machines Disabled . | . . . . . . . . . . . . . . . . . . . . . . . . . . . . Actions | -11 -10 -10 -9 -9 -9 -8 -8 -8 -7 -7 -7 -7 -6 -6 -6 -6 -6 -5 -5 -5 -5 -5 -5 -4 -4 -4 -4 --------- Run | Scr Mat Min Mat Min Exi Min Mat Sto Fac Low Low Dat Pro Fac Low Low Zio Pro Fac Ext Cet Arc Hub Fac Was Fac Arm Total 15585 | 60 1071 341 1001 136 180 143 1938 772 532 364 556 88 272 1204 593 273 995 362 331 1093 247 261 490 354 461 852 615 Wait 1178 | . 120 9 159 . . . 334 10 7 8 3 . 3 145 15 19 8 9 15 93 14 36 39 29 . 62 41 Move 12382 | 48 809 308 641 129 180 134 1296 600 463 342 519 82 258 930 546 219 983 314 279 879 174 173 318 276 427 620 435 Hop . | . . . . . . . . . . . . . . . . . . . . . . . . . . . . Pick Up 213 | 6 27 . 22 1 . 3 38 10 10 1 1 . 1 13 3 . 1 7 8 3 6 3 13 6 5 11 14 Fast Attach 142 | 6 7 2 8 . . . 8 7 5 1 1 3 . 8 2 . 1 3 . 3 6 9 13 3 8 10 28 Attach 94 | . 2 . 4 . . 2 15 4 4 1 1 . . 6 3 1 . 2 3 3 2 1 7 7 1 14 11 Detach 21 | . . . 1 . . . . 1 . . . . . . . . . . . 1 3 . 3 2 1 7 2 Swap 126 | . 4 3 15 . . . 22 13 4 . . . . 6 3 4 1 2 2 6 4 4 11 4 1 10 7 Drop 262 | . 12 . 28 1 . 4 42 15 14 2 1 3 . 17 2 . 1 10 6 7 11 12 26 2 14 9 23 Fire 1029 | . 86 19 118 5 . . 174 98 23 9 17 . 10 68 19 28 . 15 16 31 27 23 58 23 4 104 54 Melee 16 | . . . . . . . . 5 . . . . . 4 . . . . 2 3 . . . 2 . . . Ram . | . . . . . . . . . . . . . . . . . . . . . . . . . . . . Kick . | . . . . . . . . . . . . . . . . . . . . . . . . . . . . Crush 37 | . 4 . 5 . . . 9 7 2 . . . . 7 . . . . . 1 . . 2 . . . . Escape Stasis 7 | . . . . . . . . 2 . . . . . . . . . . . . . . . . . 5 . Rewire 78 | . . . . . . . . . . . 13 . . . . 2 . . . 63 . . . . . . . Trap . | . . . . . . . . . . . . . . . . . . . . . . . . . . . . Miscellaneous . | . . . . . . . . . . . . . . . . . . . . . . . . . . . . Route ------- -11/Scrapyard -10/Materials (discovered 5 exits: *Mat x3 / [*Min x2]) -10/Mines -9/Materials (discovered 3 exits: *Mat x2 / [*Min]) -9/Mines -9/Exiles -8/Mines -8/Materials (discovered 4 exits: *Fac x3 / *Sto) -8/Storage -7/Factory -7/Lower Caves -7/Lower Caves (discovered 2 exits: *Fac / *Dat) -7/Data Miner -6/Proximity Caves -6/Factory (discovered 3 exits: Fac / *Low x2) -6/Lower Caves -6/Lower Caves -6/Zion (discovered 2 exits: Dee / [*Pro]) -5/Proximity Caves -5/Factory -5/Extension (discovered 2 exits: *Fac / *Cet) -5/Cetus (discovered 2 exits: *Fac / *Arc) -5/Archives (discovered 3 exits: *Fac / *Hub x2) -5/Hub_04(d) -4/Factory -4/Waste -4/Factory -4/Armory History --------- Turn | Location | Event 6 | -11/Scrapyard | Discovered new exit (range 14) 86 | -11/Scrapyard | Entered Materials 332 | -10/Materials | Build established: Mutant 504 | -10/Materials | Discovered new exit (range 9) 850 | -10/Materials | Repaired Lgt. Treads 1086 | -10/Materials | Discovered new exit (range 12) 1284 | -10/Materials | Discovered new exit (range 7) 1666 | -10/Materials | Discovered new exit (range 16) 1753 | -10/Materials | Discovered new exit (range 8) 1854 | -10/Materials | Core integrity fell below 50% 2185 | -10/Materials | Repaired Lgt. Treads 2212 | -10/Materials | Repaired Lgt. Treads 2407 | -10/Materials | Entered Mines 3072 | -10/Mines | Core integrity fell below 20% 3073 | -10/Mines | Destroyed YI-UF0 3206 | -10/Mines | Discovered new exit (range 5) 3213 | -10/Mines | Learned 4 Materials zone layouts 3220 | -10/Mines | Entered Materials 3220 | -9/Materials | Evolved 2 slots: Utility x2 3221 | -9/Materials | Identified exit to Materials 3463 | -9/Materials | Destroyed 11 combat bots 3640 | -9/Materials | Discovered exit to Materials (range 8) 3676 | -9/Materials | Repaired Lgt. Treads 3709 | -9/Materials | Repaired Hvy. Assault Rifle 3754 | -9/Materials | Repaired Broken Hvy. Assault Rifle 3781 | -9/Materials | Core integrity fell below 50% 4461 | -9/Materials | Repaired Lgt. Armor Plating 4665 | -9/Materials | Discovered new exit (range 17) 4858 | -9/Materials | Build established: Scavenger-Mutant 5136 | -9/Materials | Core integrity fell below 20% 5319 | -9/Materials | Entered Mines 5530 | -9/Mines | Deemed a non-threat by the Exiles lab entrance 5530 | -9/Mines | Discovered new exit (range 5) 5581 | -9/Mines | Assembled infested the area 5643 | -9/Mines | Entered Exiles 5701 | -9/Exiles | Met 8R-AWN 5742 | -9/Exiles | Met EX-HEX 5838 | -9/Exiles | Met EX-DEC 5847 | -9/Exiles | Learned location of Zion (-6) 5903 | -9/Exiles | Met EX-BIN 6049 | -9/Exiles | Discovered new exit (range 14) 6075 | -9/Exiles | Entered Mines 6380 | -8/Mines | Discovered exit to Materials (range 9) 6404 | -8/Mines | Entered Materials 6404 | -8/Materials | Evolved 2 slots: Utility x2 6719 | -8/Materials | Build established: Hacker-Mutant 7123 | -8/Materials | Discovered new exit (range 8) 7174 | -8/Materials | Repaired Hvy. Armor Plating 7866 | -8/Materials | Identified exit to Storage 8434 | -8/Materials | Build established: Scavenger-Mutant 8669 | -8/Materials | Discovered new exit (range 8) 8925 | -8/Materials | Destroyed 9 combat bots 9320 | -8/Materials | Build established: Hacker-Mutant 9512 | -8/Materials | Discovered new exit (range 13) 9802 | -8/Materials | Core integrity fell below 50% 9836 | -8/Materials | Lost 3 parts (2u1w) 9901 | -8/Materials | Found Corrupted Prototype Device 10203 | -8/Materials | Identified Active Sensor Suite 10571 | -8/Materials | Repaired Hvy. Armor Plating 10632 | -8/Materials | Repaired Enh. Autogun 10693 | -8/Materials | Repaired Enh. Autogun 10748 | -8/Materials | Repaired Corrupted Arm. Treads 11346 | -8/Materials | Entered Storage 11378 | -8/Storage | Build established: Scavenger-Mutant 11682 | -8/Storage | Met a pair of Derelict thieves 11885 | -8/Storage | Assisted by bots powering up and referring to "LRC-V3" 11922 | -8/Storage | Garrison activated, responded to threat 12185 | -8/Storage | Build established: Commander-Mutant 12901 | -8/Storage | Build established: Scavenger-Mutant 13313 | -8/Storage | Build established: Mutant 13346 | -8/Storage | First assault squad dispatched 13460 | -8/Storage | Discovered new exit (range 16) 13527 | -8/Storage | Repaired Hrd. Heavy Armor Plating? 13618 | -8/Storage | Entered Factory 13618 | -7/Factory | Evolved 2 slots: Propulsion x1, Weapon x1 13915 | -7/Factory | Build established: Gunner 14371 | -7/Factory | Garrison activated, responded to threat 14614 | -7/Factory | Cargo convoy interrupted 14653 | -7/Factory | Discovered new exit (range 10) 14862 | -7/Factory | Identified exit to Lower Caves 14864 | -7/Factory | Entered Lower Caves 14877 | -7/Lower Caves | Learned 4 Factory zone layouts 15257 | -7/Lower Caves | Encountered a Warlord checkpoint 15275 | -7/Lower Caves | Discovered new exit (range 15) 15737 | -7/Lower Caves | Entered another Lower Caves area 15740 | -7/Lower Caves | Discovered new exit (range 10) 16312 | -7/Lower Caves | Attracted the attention of an 0b10 outpost 16928 | -7/Lower Caves | Discovered new exit (range 14) 17064 | -7/Lower Caves | Entered Data Miner 17064 | -7/Data Miner | Discovered new exit (range 6) 17112 | -7/Data Miner | Met Data Miner 17156 | -7/Data Miner | Learned location of Section 7 (-3) 17156 | -7/Data Miner | Acquired the access code to Warlord's prototype stash 17195 | -7/Data Miner | Received God Mode back door access code from Data Miner 17270 | -7/Data Miner | Entered Proximity Caves 17455 | -6/Proximity Caves | Escorted by Enhanced Grunt 17455 | -6/Proximity Caves | Attracted the attention of an 0b10 checkpoint 17617 | -6/Proximity Caves | Learned Factory stockpile data 17900 | -6/Proximity Caves | Discovered new exit (range 10) 17922 | -6/Proximity Caves | Entered Factory 17922 | -6/Factory | Accompanied by 1 ally 17922 | -6/Factory | Evolved 2 slots: Propulsion x1, Utility x1 17923 | -6/Factory | Identified exit to Factory 19601 | -6/Factory | Repaired Enh. Autogun 19640 | -6/Factory | Repaired Hvy. Armor Plating 19761 | -6/Factory | Identified exit to Lower Caves 20517 | -6/Factory | Entered Lower Caves 20638 | -6/Lower Caves | Spotted B-75 Beast 20713 | -6/Lower Caves | Destroyed B-75 Beast 20861 | -6/Lower Caves | Learned Factory security intel 21090 | -6/Lower Caves | Encountered a Warlord checkpoint 21501 | -6/Lower Caves | Discovered new exit (range 6) 21738 | -6/Lower Caves | Entered another Lower Caves area 21845 | -6/Lower Caves | Attracted the attention of an 0b10 outpost 21924 | -6/Lower Caves | Destroyed 10 combat bots 22153 | -6/Lower Caves | Discovered new exit (range 5) 22165 | -6/Lower Caves | Entered Zion 22165 | -6/Zion | Accompanied by 2 allies 22282 | -6/Zion | Discovered new exit (range 13) 22287 | -6/Zion | Given A8's code to call for help 22519 | -6/Zion | Identified exit to Deep Caves 22615 | -6/Zion | Learned Factory trap positions 22902 | -6/Zion | Imprinted 22904 | -6/Zion | Declared Zion's savior 23074 | -6/Zion | Given the Hacking Drone Bay 23077 | -6/Zion | Found Prototype Device 23077 | -6/Zion | Identified Hacking Drone Bay 23258 | -6/Zion | Gained Derelict followers 23751 | -6/Zion | Entered Proximity Caves 23751 | -5/Proximity Caves | Accompanied by 9 allies 23785 | -5/Proximity Caves | Spotted B-75 Beast 23791 | -5/Proximity Caves | Allies destroyed B-75 Beast 24212 | -5/Proximity Caves | Learned location of Armory (-4) 24482 | -5/Proximity Caves | Discovered exit to Factory (range 6) 24545 | -5/Proximity Caves | Entered Factory 24545 | -5/Factory | Accompanied by 2 allies 24545 | -5/Factory | Evolved 2 slots: Power x1, Utility x1 24546 | -5/Factory | Identified exit to Extension 24547 | -5/Factory | Loaded intel: 72 trap records 24970 | -5/Factory | Incoming investigation squad redirected 25296 | -5/Factory | Entered Extension 25396 | -5/Extension | Rescued a captive Derelict 25708 | -5/Extension | Zion Hacker squad teleported in 25730 | -5/Extension | Zion Hacker squad teleported in 25735 | -5/Extension | Rescued a captive Derelict 25803 | -5/Extension | Rescued a captive Derelict 25804 | -5/Extension | Rescued a captive Derelict 25818 | -5/Extension | Incoming investigation squad redirected 25836 | -5/Extension | Rescued a captive Derelict 25851 | -5/Extension | Rescued a captive Derelict 25864 | -5/Extension | Zion Fire squad teleported in 26189 | -5/Extension | Build established: Commander-Assassin 26406 | -5/Extension | Destroyed B-75 Beast 26446 | -5/Extension | Spotted B-75 Beast 26450 | -5/Extension | Allies destroyed B-75 Beast 26515 | -5/Extension | Rescued A7 26541 | -5/Extension | Terminal network hard line cut 26741 | -5/Extension | Incoming investigation squad redirected 26768 | -5/Extension | Rescued a captive Derelict 26769 | -5/Extension | Rescued a captive Derelict 26773 | -5/Extension | Build established: Scavenger-Skirmisher 26801 | -5/Extension | Rescued a captive Derelict 26869 | -5/Extension | Rescued a captive Derelict 26870 | -5/Extension | Rescued a captive Derelict 27240 | -5/Extension | Discovered new exit (range 16) 27243 | -5/Extension | Discovered new exit (range 15) 27288 | -5/Extension | Identified exit to Cetus 27710 | -5/Extension | Entered Cetus 27710 | -5/Cetus | Accompanied by 10 allies (A7) 27715 | -5/Cetus | Acquired a Cetus Manufacturing Module code from A7 27725 | -5/Cetus | Spotted Cetus Guard 27732 | -5/Cetus | Spotted Cetus Guard 27732 | -5/Cetus | Spotted Cetus Guard 27739 | -5/Cetus | Spotted Cetus Guard 27745 | -5/Cetus | Destroyed Cetus Guard 27752 | -5/Cetus | Destroyed Cetus Guard 27753 | -5/Cetus | Incoming investigation squad redirected 27754 | -5/Cetus | Allies destroyed Cetus Guard 27756 | -5/Cetus | Allies destroyed Cetus Guard 27956 | -5/Cetus | Started Cetus Manufacturing Module 27981 | -5/Cetus | Manufactured an Enhanced Grunt 27985 | -5/Cetus | Discovered new exit (range 16) 28006 | -5/Cetus | Manufactured an Enhanced Grunt 28031 | -5/Cetus | Manufactured an Enhanced Grunt 28056 | -5/Cetus | Manufactured an Enhanced Grunt 28065 | -5/Cetus | Spotted Cetus Guard 28067 | -5/Cetus | Destroyed Cetus Guard 28067 | -5/Cetus | Spotted Cetus Guard 28070 | -5/Cetus | Extracted ID and sensor layout for unrecognized location from A7's data core 28070 | -5/Cetus | Spotted Cetus Guard 28071 | -5/Cetus | Incoming investigation squad redirected 28071 | -5/Cetus | Allies destroyed Cetus Guard 28072 | -5/Cetus | Spotted Cetus Guard 28073 | -5/Cetus | Allies destroyed Cetus Guard 28081 | -5/Cetus | Manufactured an Enhanced Grunt 28082 | -5/Cetus | Allies destroyed Cetus Guard 28102 | -5/Cetus | Discovered new exit (range 15) 28117 | -5/Cetus | Scared off Revision 17 28260 | -5/Cetus | Identified exit to Archives 28263 | -5/Cetus | Entered Archives 28263 | -5/Archives | Accompanied by 4 allies 28438 | -5/Archives | Discovered new exit (range 14) 28527 | -5/Archives | Found Prototype Device 28527 | -5/Archives | Identified Exp. Thermal Shield 28569 | -5/Archives | Discovered new exit (range 15) 28676 | -5/Archives | Discovered new exit (range 16) 28759 | -5/Archives | Identified exit to Hub_04(d) 28776 | -5/Archives | Entered Hub_04(d) 28776 | -5/Hub_04(d) | Accompanied by 1 ally 28842 | -5/Hub_04(d) | Retrieved Zion intel report: Trap Installations 28881 | -5/Hub_04(d) | Discovered new exit (range 14) 28910 | -5/Hub_04(d) | Identified exit to Factory 28970 | -5/Hub_04(d) | Incoming investigation squad redirected 29062 | -5/Hub_04(d) | Destroyed 7 combat bots 29076 | -5/Hub_04(d) | First assault squad dispatched 29237 | -5/Hub_04(d) | Network Hub disabled 29291 | -5/Hub_04(d) | Found Corrupted Active Sensor Suite 29387 | -5/Hub_04(d) | Found Prototype Launcher 29387 | -5/Hub_04(d) | Identified Scatter Rocket Array 29402 | -5/Hub_04(d) | Found Scatter Rocket Array 29404 | -5/Hub_04(d) | Found Scatter Rocket Array 29406 | -5/Hub_04(d) | Incoming assault squad redirected 29554 | -5/Hub_04(d) | Spotted Lightning 29583 | -5/Hub_04(d) | Spotted Lightning 29583 | -5/Hub_04(d) | Spotted Lightning 29588 | -5/Hub_04(d) | Garrison activated, responded to threat 29591 | -5/Hub_04(d) | Destroyed Lightning 29603 | -5/Hub_04(d) | Destroyed Lightning 29609 | -5/Hub_04(d) | Destroyed Lightning 29630 | -5/Hub_04(d) | System corruption reached 10% 29633 | -5/Hub_04(d) | Found Prototype Device 29633 | -5/Hub_04(d) | Identified Exp. Phase Shifter 29638 | -5/Hub_04(d) | Found Prototype Device 29638 | -5/Hub_04(d) | Identified Exp. EM Disruption Field 29660 | -5/Hub_04(d) | Found Prototype Processor 29660 | -5/Hub_04(d) | Identified Exp. Targeting Computer 29670 | -5/Hub_04(d) | Destroyed 7 combat bots 29685 | -5/Hub_04(d) | Found Prototype Energy Cannon 29685 | -5/Hub_04(d) | Identified EMDS 29746 | -5/Hub_04(d) | Found Exp. EM Disruption Field 29779 | -5/Hub_04(d) | Found Exp. Targeting Computer 29784 | -5/Hub_04(d) | Found EMDS 29846 | -5/Hub_04(d) | Entered Factory 29846 | -4/Factory | Evolved 2 slots: Utility x2 29848 | -4/Factory | System corruption reached 10% 30096 | -4/Factory | First assault squad dispatched 30249 | -4/Factory | Lost 5 parts (1n3u1w) 30253 | -4/Factory | Destroyed 15 combat bots 30603 | -4/Factory | Sucked down chute 30603 | -4/Factory | Entered Waste 30603 | -4/Waste | The area was eerily silent 31214 | -4/Waste | Discovered new exit (range 15) 31248 | -4/Waste | Identified exit to Factory 31681 | -4/Waste | Found Broken Adv. Powered Armor 31692 | -4/Waste | Entered Factory 32400 | -4/Factory | Incoming investigation squad redirected 32525 | -4/Factory | Fabricated Adv. Heavy Siege Treads? 32692 | -4/Factory | First assault squad dispatched 32954 | -4/Factory | Lost 3 parts (1n1u1w) 32957 | -4/Factory | Terminal network hard line cut 32958 | -4/Factory | Destroyed 7 combat bots 32968 | -4/Factory | Incoming assault squad redirected 33138 | -4/Factory | Build established: Scavenger-Mutant 33237 | -4/Factory | Garrison activated, responded to threat 33279 | -4/Factory | Destroyed 9 combat bots 33393 | -4/Factory | Destroyed 7 combat bots 33394 | -4/Factory | Discovered new exit (range 9) 33429 | -4/Factory | High security lockdown imminent 33466 | -4/Factory | Entered Armory 33467 | -4/Armory | Destroyed 7 combat bots 33483 | -4/Armory | Lost 9 parts (1p1n5u2w) 33624 | -4/Armory | Zion Infowar Resupply teleported in 33716 | -4/Armory | First assault squad dispatched 33736 | -4/Armory | Incoming assault squad redirected 33757 | -4/Armory | Lost 4 parts (1p2n1u) 33781 | -4/Armory | Build established: Scavenger-Gunner 33877 | -4/Armory | Incoming investigation squad redirected 34008 | -4/Armory | Zion Hacker squad teleported in 34543 | -4/Armory | Zion Hacker squad teleported in 34684 | -4/Armory | Found Unknown Piercing Weapon 34684 | -4/Armory | Identified Enh. Force Lance 34797 | -4/Armory | Spotted B-86 Titan 34804 | -4/Armory | Core integrity fell below 50% 34818 | -4/Armory | Incoming assault squad redirected 34839 | -4/Armory | Core integrity fell below 20% 34860 | -4/Armory | Destroyed by H-77 Assassin with Coil Gun Last Messages --------------- 34847_ Dropped Imp. Heat Sink. 34847_ Dropped Flexi-carbon Leg. 34848_ Extracted 5 energy. 34848_ Dropped Enh. Nova Cannon. 34848_ Dropped Mic. Fission Core. 34849_ Penetrated by Slug. 34849_ Slug penetrates Wall. 34849_ Penetrated by Slug. 34850_ The unstable cave ceiling collapses. 34850_ B-86 Titan crushed by falling debris. 34850_ Acquired Adv. Terrain Scan Processor. 34851_ The unstable cave ceiling collapses. 34852_ 3 Matter crushed. 34853_ Acquired Scatter Rocket Array. 34856_ Slug penetrates Wall. 34856_ Penetrated by Slug. 34856_ Slug penetrates Wall. 34856_ Penetrated by Slug. 34860_ Slug penetrates Earth. 34860_ Penetrated by Slug. Map ----- +----------------------------------------------------+ | | | | | | | | | | | | | | | | | | | | | | | | | | | | | | | | | ?????????????????????????????????????????????????? | | ????????????????????###########??????????????????? | | ????????????????????# #??????????????????? | | ???################## "? #########?########?? | | ? + "? ## #?#// T #?? | | ????????# ##### %"? ## #?#// #?? | | ????????# #???# "? ## #?#// #?? | | ????????# ! #???# "" ## #?#// #?? | | ??????#######"#####! " ## ####### #?? | | #######!=%[!!!!!!!= @ ## "### ##? | | [%!!!!%![=!###/###### # =%[ # ## | | %!]]]=%!=[ o != [ | | " [% !% *!""!|!! [%! | | "% *""%!#="##/##"""" !# # ## | | """" ==%*[" %! "= * ## ######## | | """ %=![# !!] [=%=%=%% #### | | """ " ![! # !! ![![ #??# | | # # ##+##### !] #??# | | ##### ? #???# T " #??#?? | | ### ???? ?? ???+ ""T"" ""# #???? | | ??# ##????####???#??# """"" ##########??? | | ??# ????????????????# #???????????# | | ??#?????????????????###"" ""###???????????# | | ??????????????????????#""R""#?????????????# """"" | | ??????????????????????# """"#?????????????# """" | | ??????????????????????#####???????????????# | | ??????????????????????????????????????????# | | ??????????????????????????????????????????######## | | ?????????????????????????????????????????????????? | | ?????????????????????????????????????????????????? | | ?????????????????????????????????????????????????? | | ?????????????????????????????????????????????????# | | ?????????????????????????????????????????###?????# | | ?????????????????????????????????????????# #?????# | +----------------------------------------------------+ Best States ------------- Heat Dissipation 114 Energy Generation 45 Energy Capacity 1600 Matter Stores 550 Matter Capacity 550 Sight Range 22 Robot Scan Range 20 Terrain Scan Density 210 Jamming Range 14 Cloak Strength 3 Power Amplification 20 Armor Coverage 2100 Resistance: EM 75 Weapon Shielding 66 Weapon Cycling 20 Evasion (%) 50 Targeting Accuracy 36 Core Analysis 6 Recoil Reduction 4 Offensive Hacking 30 Item Schematics ----------------- Huge Storage Unit | -10/Materials | Hacked Hacking Suite | -9/Materials | Scanalyzed Hcp. Storage Unit | -9/Materials | Hacked Rocket Launcher | -9/Materials | Scanalyzed Structural Scanner | -9/Materials | Hacked Signal Interpreter | -9/Materials | Hacked Hvy. Armor Plating | -8/Materials | Scanalyzed Rnf. Deuterium Engine | -7/Factory | Scanalyzed Graphene Brace | -7/Factory | Scanalyzed Armor Integrity Analyzer | -7/Factory | Scanalyzed Core Analyzer | -7/Factory | Scanalyzed Combat Drone Bay | -7/Data Miner | Free Lgt. Regenerative Plating | -7/Data Miner | Free Cld. Cesium-ion Thruster | -7/Data Miner | Free Thermal Defense Suite | -7/Data Miner | Free Imp. Heavy Laser | -7/Data Miner | Free Antigrav System | -7/Data Miner | Free Imp. Recalibrator | -7/Data Miner | Free Hyp. Gauss Cannon | -7/Data Miner | Free Imp. Remote Datajack | -7/Data Miner | Free Hrd. Heavy Armor Plating | -6/Factory | Scanalyzed Beamcaster | -6/Zion | Free Battle Cannon | -6/Zion | Free Flamer | -6/Zion | Free Adv. Heavy Siege Treads | -4/Factory | Scanalyzed Robot Schematics ------------------ B-48 Gladiator | -7/Data Miner | Free L-41 Fighter | -7/Data Miner | Free A-15 Conveyor | -7/Data Miner | Free G-47 Trooper | -7/Data Miner | Free P-60 Hacker | -7/Data Miner | Free X-67 Chaingunner | -7/Data Miner | Free Fabricated ------------ Adv. Heavy Siege Treads | x2 | -4/Factory Alien Tech Used ----------------- None Achievements -------------- None Challenges ------------ None Game ------ Seed GreatAntimatterFlail Manual? 0 Play Time 02:44:39 Cumulative 494.7 hours Start 2022.06.23 @ 14:04:38 End 2022.06.23 @ 16:53:25 Sessions 1 Manual Loads 0 Difficulty Rogue Special Mode None Game No. 462 Rogue 462 Adventurer 0 Explorer 0 Win Type - Total 22 Types 13/2/4/2/0/0/0/1/0 Lore% 94 Gallery% 93 Achievement% 78 Wizard Run 0 Options --------- ASCII 0 Keyboard 0 Movement Arrows Keybinds 0 Fullscreen 1 Font 18/Smallcaps Map View 76x50 Tactical HUD 1 Map Filters NONE Filters NONE Steam 1 RUN: c4a84b44-7196-43d6-9734-41b4ce0c0352